 Dungeon Crawl Stone Soup version 0.31-a0-175-g9f7f995f2b (webtiles) character file.

Game seed: 16891627255165830736

273670 rabbitsville the Slayer (level 20, -1/184 HPs)
             Began as a Formicid Hunter on June 16, 2023.
             Was the Champion of Jiyva.
             Slain by an eight-headed hydra (2 damage)
             ... summoned by Bai Suzhen
             ... on level 3 of the Vaults on June 17, 2023.
             The game lasted 03:14:43 (32564 turns).

rabbitsville the Slayer (Formicid Hunter)          Turns: 32564, Time: 03:14:43

Health: -1/184     AC: 38    Str: 19    XL:     20   Next: 62%
Magic:  34/34      EV:  9    Int:  8    God:    Jiyva [******]
Gold:   1999       SH: 33    Dex: 33    Spells: 39/39 levels left

rFire   + + +        P - +1 arbalest (heavy)
rCold   + . .        C - +1 tower shield
rNeg    + + +        B - +8 plate armour of Xiczeu Keer {Harm rElec rF++}
rPois   .            (helmet unavailable)
rElec   +            t - scarf {rC+ rF+}
rCorr   +            w - +2 pair of gloves "Qitelipt" {Dex+3}
SInv    +            y - +2 pair of boots
Will    ++...        p - amulet of reflection
Stlth   +            l - +4 ring of protection
HPRegen 2.10/turn    x - ring "Zippaf" {Fly rN+++}
MPRegen 0.74/turn

%: harm (+30% outgoing, +20% incoming), reflection, clarity
@: flying, studying Spellcasting
A: permanent stasis, dig shafts and tunnels, antennae 3, four strong arms,
iridescent scales 3, large bone plates 1, agile 2, clarity, sense surroundings
1, strong 1, pseudopods 3, jelly sensing items, MP-powered wands, engulf
}: 3/15 runes: decaying, slimy, gossamer
a: Dig, Shaft Self, Renounce Religion, Oozemancy, Slimify


You were on level 3 of the Vaults.
You worshipped Jiyva.
Jiyva was exalted by your worship.
You visited 9 branches of the dungeon, and saw 40 of its levels.
You visited 1 bazaar.
You also visited: Sewer.

You collected 3805 gold pieces.
You spent 1806 gold pieces at shops.

Inventory:

Hand Weapons
 d - the +9 long sword "Ziclosiof" {drain, +Blink rPois rF- Str+7}
   (You found it on level 5 of the Pits of Slime)

   Str:       It affects your strength (+7).
   rF:        It makes you vulnerable to fire.
   rPois:     It protects you from poison.
   +Blink:    It lets you blink.
 P - a +1 heavy arbalest (weapon)
Missiles
 H - 8 silver javelins
Armour
 h - a +1 troll leather armour {Snorg}
 t - a scarf of resistance (worn)
 w - the +2 pair of gloves "Qitelipt" (worn) {Dex+3}
   (You found it in a sewer)

   Dex:       It affects your dexterity (+3).
 y - a +2 pair of boots (worn)
 B - the +8 plate armour of Xiczeu Keer (worn) {Harm rElec rF++}
   (You bought it in a shop on level 11 of the Dungeon)

   rF:        It greatly protects you from fire.
   rElec:     It insulates you from electricity.
   Harm:      It increases damage dealt and taken.
 C - a +1 tower shield (worn)
Jewellery
 k - a +5 ring of evasion
 l - a +4 ring of protection (left hand)
 p - an amulet of reflection (around neck)
 u - the ring "Qyufasuc" {Ice Str+4 SInv Stlth-}
   (You found it on level 5 of the Pits of Slime)

   [ring of ice]

   It enhances your ice magic.
   Str:       It affects your strength (+4).
   rF:        It makes you vulnerable to fire.
   rC:        It protects you from cold.
   SInv:      It lets you see invisible.
   Stlth:     It makes you less stealthy.
 x - the ring "Zippaf" (right hand) {Fly rN+++}
   (You found it on level 5 of the Pits of Slime)

   [ring of flight]

   rN:        It renders you almost immune to negative energy.
   Fly:       It grants you flight.
 J - a +6 ring of strength
 Q - a ring of willpower
 X - a ring of protection from cold
 Z - a ring of poison resistance
Wands
 a - a wand of polymorph (4)
 z - a wand of light (30)
 A - a wand of roots (23)
 D - a wand of flame (43)
 G - a wand of paralysis (33)
 M - a wand of digging (9)
 V - a wand of mindburst (9)
Scrolls
 i - 5 scrolls of noise
 n - a scroll of amnesia
 s - 8 scrolls of revelation
 v - 2 scrolls of summoning
 F - 11 scrolls of fog
 I - 5 scrolls of enchant weapon
 L - 6 scrolls of fear
 U - 4 scrolls of immolation
Potions
 f - 8 potions of curing
 g - 4 potions of might
 j - 8 potions of mutation
 m - 2 potions of berserk rage {unknown}
 o - 5 potions of attraction {unknown}
 q - a potion of resistance {unknown}
 r - 4 potions of cancellation {unknown}
 E - 4 potions of enlightenment {unknown}
 K - 2 potions of magic {unknown}
 N - 8 potions of lignification {unknown}
 S - 2 potions of invisibility {unknown}
 T - 9 potions of ambrosia
 W - a potion of experience {unknown}
Miscellaneous
 Y - a lightning rod (4/4)


   Skills:
 + Level 22.4 Fighting
 - Level 18.0 Ranged Weapons
 + Level 16.6 Armour
 - Level 5.0 Dodging
 - Level 10.0 Stealth
 - Level 13.1 Shields
 - Level 10.0 Spellcasting
 + Level 9.7 Evocations


You had 39 spell levels left.
You didn't know any spells.
Your spell library contained the following spells:

 Spells                   Type           Power      Damage    Failure   Level
 Apportation              Tloc           8%         N/A       99%         1
 Freeze                   Ice            16%        1d4       99%         1
 Slow                     Hex            16%        N/A       99%         1
 Poisonous Vapours        Pois/Air       8%         N/A       100%        2
 Sublimation of Blood     Necr           4%         N/A       100%        2
 Confusing Touch          Hex            4%         N/A       100%        3
 Frozen Ramparts          Ice            8%         1d2       100%        3
 Gell's Gravitas          Tloc           4%         N/A       100%        3
 Hailstorm                Conj/Ice       4%         3d4       100%        3
 Inner Flame              Hex/Fire       4%         N/A       100%        3
 Mephitic Cloud           Conj/Pois/Air  4%         N/A       100%        3
 Teleport Other           Tloc           4%         N/A       100%        3
 Vampiric Draining        Necr           4%         2d6       100%        3
 Animate Armour           Summ/Erth      8%         N/A       100%        4
 Leda's Liquefaction      Hex/Erth       2%         N/A       100%        4
 Manifold Assault         Tloc           4%         N/A       100%        4
 Olgreb's Toxic Radiance  Pois           4%         N/A       100%        4
 Petrify                  Tmut/Erth      4%         N/A       100%        4
 Summon Lightning Spire   Summ/Air       4%         N/A       100%        4
 Alistair's Intoxication  Tmut/Pois      2%         N/A       100%        5
 Arcjolt                  Conj/Air       2%         1d12      100%        5
 Blade Hands              Tmut           2%         N/A       100%        5
 Freezing Cloud           Conj/Ice/Air   2%         6-21      100%        5
 Irradiate                Conj/Tmut      2%         3d12      100%        5
 Lee's Rapid Deconstruct  Erth           2%         3d4*      100%        5
 Yara's Violent Unravell  Hex/Tmut       2%         3d3       100%        5
 Dispersal                Tloc           2%         N/A       100%        6
 Leda's Unmaking          Conj/Erth      2%         9d1       100%        6
 Plasma Beam              Fire/Air       2%         2x1d12    100%        6
 Statue Form              Tmut/Erth      2%         N/A       100%        6
 Enfeeble                 Hex            2%         N/A       100%        7
 Storm Form               Tmut/Air       2%         N/A       100%        7
 Discord                  Hex            2%         N/A       100%        8
 Ignition                 Fire           2%         3d3       100%        8
 Blink                    Tloc           Unusable   N/A       N/A         2
 Vhi's Electric Charge    Tloc/Air       Unusable   N/A       N/A         3

Dungeon Overview and Level Annotations

Branches:
Dungeon (15/15)            Temple (1/1) D:4            Lair (5/5) D:8
  Swamp (4/4) Lair:2       Spider (4/4) Lair:2        Slime (5/5) Lair:5
    Orc (2/2) D:11            Elf (0/3) Orc:2        Vaults (3/5) D:13
 Depths (1/4) D:15          Sewer (visited)
  Crypt: Vaults:2-3

Altars:
Ashenzari
Cheibriados
Dithmenos
Elyvilon
Fedhas
Gozag
Hepliaklqana
Kikubaaqudgha
Makhleb
Nemelex Xobeh
Okawaru
Qazlal
Ru
Sif Muna
Trog
Uskayaw
Vehumet
Wu Jian
Xom
Yredelemnul
Zin
The Shining One
Jiyva

Shops:
D:3 *   D:9 (   D:11 [   D:15 :::   Orc:2 ?(:*

Annotations:
D:3 1 runed translucent door, exclusion: door, Crazy Yiuf
D:15 3 runed translucent doors, Aqenwou's ghost, journeyman GrWn; petzl's ghost, journeyman FoDe
Lair:5 1 runed translucent door, exclusion: obsidian statue, wolfgangpup's ghost, journeyman MiFi
Swamp:4 Mlioglotl
Slime:5 Royal Jelly
Vaults:3 Bai Suzhen; Boris


Innate Abilities, Weirdness & Mutations

You cannot be hasted, slowed, berserked, paralysed or teleported.
You can dig through walls and to a lower floor.
You have a pair of large antennae on your head. (SInv)
Your four strong arms can wield two-handed weapons with a shield.
You are completely covered in iridescent scales. (AC +6)
You are partially covered in large bone plates. (SH +4)
You are very agile. (Dex +8, Str/Int -2)
You possess an exceptional clarity of mind.
You passively map a small area around you.
Your muscles are strong. (Str +4, Int/Dex -1)
Armour fits poorly on your massive pseudopods.
You have a small jelly attached to you that senses nearby items.
You expend magic power (3 MP) to strengthen your wands.
Your melee attacks may engulf your foes in ooze.


Message History

Boris is severely damaged.
Boris gestures at you while chanting. The bolt of cold hits you!! You resist.
Fire: P) +1 arbalest (heavy)
Press: ? - help, Q - select action, (/) - cycle Shift-Dir - straight line, f/p - Boris
Aim: Boris, wearing a +2 robe of willpower (severely damaged, slightly transparent, 78% to hit)
You shoot a bolt. The bolt barely misses Boris.
Boris hits you but does no damage. You block Boris's attack.
Bai Suzhen roars!
A 12-headed hydra appears.
Bai Suzhen hits you but does no damage.
Bai Suzhen tail-slaps you but does no damage.
You block Boris's attack. x2
Fire: P) +1 arbalest (heavy)
Press: ? - help, Q - select action, (/) - cycle Shift-Dir - straight line, f/p - Boris
Aim: Boris, wearing a +2 robe of willpower (severely damaged, slightly transparent, 78% to hit)
You shoot a bolt. The bolt hits Boris.
Boris is severely damaged.
Boris casts a spell at you. The iron shot hits you!!!
You shudder from the blast and a jelly pops out!
You block Bai Suzhen's attack. x2
You block the eight-headed hydra's attack. x5
The eight-headed hydra bites you but does no damage.
The eight-headed hydra bites you!
The eight-headed hydra bites you but does no damage.
The 12-headed hydra barely misses you. You block the 12-headed hydra's attack.
The 12-headed hydra bites you. The 12-headed hydra closely misses you.
The 12-headed hydra bites you. You block the 12-headed hydra's attack.
The 12-headed hydra barely misses you.
The 12-headed hydra bites you but does no damage. x2
The 12-headed hydra bites you.
The 12-headed hydra bites you but does no damage. x2
Bai Suzhen hits you but does no damage.
Bai Suzhen tail-slaps you but does no damage.
Boris casts a spell at you. The iron shot hits you!!!!
* * * LOW HITPOINT WARNING * * *
You shudder from the blast and a jelly pops out!
The eight-headed hydra bites you.
You die...

#########
#.......#
#...<...#
#.......#
#.......#
#...[...#
##.J...##
##..D## * *
###@#* * *
,......dLD...#
......J.....#
............+
............#,
, ,
............#
............#
,
............#*
* ,


You could see Bai Suzhen, Boris (invisible, ally target), a 12-headed hydra
(summoned), an eight-headed hydra (summoned), a friendly acid blob (summoned)
and a friendly rockslime (summoned).

Vanquished Creatures
  Mara (Swamp:3)
  Jorgrun (D:14)
  Frances (D:13)
  Gastronok (D:8)
  Donald (Swamp:2)
  2 thorn hunters
  Roxanne (Swamp:3)
  A fire giant (Depths:1)
  5 emperor scorpions
  2 vault wardens (Vaults:1)
  5 ghost moths
  A ghoul (Swamp:3)
  5 ironbound preservers
  An orc warlord (Orc:1)
  3 ironbound thunderhulks
  4 eleionomae
  7 bunyips
  Azrael (Orc:2)
  2 dire elephants (Lair:5)
  Snorg (Orc:2)
  An ettin (D:11)
  Josephine (D:10)
  3 yaktaur captains
  6 entropy weavers
  21 hydras
  8 vault guards
  Erolcha (D:9)
  4 ghost crabs
  A catoblepas (D:13)
  12 centaur warriors
  A spriggan air mage (Swamp:2)
  4 ironbound frosthearts
  3 radroaches
  A jorogumo (Spider:3)
  6 boulder beetles
  2 ogre magi
  Erica (D:11)
  9 death yaks
  11 two-headed ogres
  A death scarab (Spider:3)
  9 alligators
  10 demonic crawlers
  7 tengu warriors
  A deep troll shaman (Depths:1)
  3 orc high priests (Orc:2)
  Urug (Orc:1)
  6 fire crabs (Lair:4)
  6 spriggans
  2 iron trolls (Depths:1)
  5 sun moths
  3 pharaoh ants
  3 goliath frogs (Swamp:1)
  A skyshark (Lair:5)
  A spectral anaconda (Lair:5)
  3 skeletal warriors (D:11)
  A spectral death yak (Lair:5)
  2 spriggan druids
  12 swamp dragons
  3 bog bodies
  19 deep trolls
  3 wizards
  7 steelbarb worms
  10 orb spiders
  5 necromancers
  6 lindwurms
  4 ironbound convokers
  An oklob plant (Spider:3)
  4 orc knights (Orc:2)
  A frost giant zombie (Vaults:1)
  A stone giant zombie (Vaults:1)
  4 manticores
  25 wolf spiders
  11 ugly things
  6 vault sentinels
  4 orc sorcerers
  6 cyclopes
  Joseph (D:7)
  23 elephants
  A moth of wrath (Spider:4)
  4 will-o-the-wisps
  5 black mambas
  An apocalypse crab (Lair:4)
  Maurice (Orc:2)
  17 cane toads
  4 torpor snails
  2 gargoyles
  Maggie (D:7)
  5 rime drakes
  2 unseen horrors
  A freezing wraith (D:14)
  4 tengu conjurers (D:14)
  8 yaktaurs (Vaults:1)
  4 kobold demonologists
  12 komodo dragons
  A bloated husk (Swamp:1)
  7 trolls
  2 polar bears (Lair:5)
  A queen bee (Lair:1)
  7 tyrant leeches
  A hornet (shapeshifter) (D:14)
  17 tarantellas
  11 dream sheep
  14 hornets
  14 blink frogs
  A spectral elephant (Lair:5)
  15 jumping spiders
  5 wraiths
  5 wyverns
  2 vampires
  23 culicivoras
  A water elemental (D:11)
  43 yaks
  A shadow (D:12)
  5 basilisks
  A spriggan (shapeshifter) (D:15)
  10 humans (D:13)
  7 fire elementals (Orc:2)
  3 steam dragons
  42 redbacks
  7 vampire mosquitoes
  2 wargs (Orc:2)
  Edmund (D:6)
  4 acid dragons
  11 swamp worms
  A spectral cane toad (Lair:5)
  A hell hound (Orc:2)
  A water moccasin (shapeshifter) (D:8)
  10 water moccasins
  3 ice beasts
  30 orc warriors
  3 black bears
  A sky beast (D:7)
  5 swamp drakes
  An elephant zombie (Lair:5)
  7 ogres
  15 wolves
  A phantom (D:6)
  15 centaurs
  6 kobold brigands
  16 bullfrogs
  2 cane toad simulacra (Lair:5)
  A gnoll sergeant (D:7)
  6 scorpions
  5 wights
  25 killer bees
  15 electric eels
  3 jellies
  3 quasits (D:5)
  3 hounds
  A gnoll bouda (D:9)
  11 orc priests
  7 iguanas
  23 orc wizards
  2 sleepcaps
  10 hell rats
  11 gnolls
  A river rat (D:4)
  9 adders
  4 shadow imps (D:5)
  4 white imps
  4 ufetubi
  2 worms
  The ghost of petzl the Sneak, a weakling FoDe (D:7)
  2 dart slugs
  66 orcs
  23 endoplasms
  10 giant cockroaches
  7 hobgoblins
  3 jackals (D:1)
  30 kobolds
  10 quokkas
  14 ball pythons
  4 bats
  7 frilled lizards
  2 goblins
  4 rats
  A spectral orc (D:7)
1151 creatures vanquished.

Vanquished Creatures (others)
  An ironbound preserver (Vaults:1)
  2 great orbs of eyes
  2 entropy weavers (Spider:3)
  A two-headed ogre (Orc:2)
  An alligator (Swamp:4)
  A glowing orange brain (Vaults:1)
  2 ugly things (D:15)
  2 wolf spiders
  A will-o-the-wisp (Swamp:3)
  A manticore (D:14)
  A kobold demonologist (D:12)
  2 bloated husks
  A tarantella (Spider:3)
  10 slime creatures
  A golden eye (shapeshifter) (D:15)
  A redback (Spider:3)
  2 acid dragons (Spider:3)
  A human zombie (Vaults:1)
  A boggart (Vaults:1)
  4 centaurs (D:11)
  87 jellies
  4 orc priests
  3 orc wizards
  12 orcs
  3 kobolds
  12 foxfires
159 creatures vanquished.

Grand Total: 1310 creatures vanquished

Notes
Turn   | Place    | Note
-------+----------+-------------------------------------------
     0 | D:1      | rabbitsville the Formicid Hunter began the quest for the
                  | Orb.
     0 | D:1      | Reached XP level 1. HP: 16/16 MP: 1/1
   136 | D:1      | Reached XP level 2. HP: 23/23 MP: 2/2
   335 | D:1      | Reached XP level 3. HP: 28/28 MP: 3/3
   644 | D:2      | Reached skill level 3 in Fighting
   710 | D:2      | Reached XP level 4. HP: 35/35 MP: 4/4
  1076 | D:2      | Identified the +2 leather armour of Hestujit {*Slow rCorr
                  | Slay+5 SInv}
  1130 | D:2      | Reached XP level 5. HP: 41/42 MP: 5/5
  1540 | D:3      | Found a faded altar of an unknown god.
  1547 | D:3      | Got Plato's Tome of Curses
  1690 | D:3      | Found Pebucit's Assorted Antiques.
  1988 | D:3      | Found a runed translucent door.
  1989 | D:3      | Noticed Crazy Yiuf
  2225 | D:4      | Found a staircase to the Ecumenical Temple.
  2311 | D:4      | Reached skill level 4 in Fighting
  2325 | D:4      | Reached skill level 5 in Ranged Weapons
  2357 | D:4      | Found a glowing drain.
  2361 | Sewer    | Entered a sewer
  2384 | Sewer    | Reached XP level 6. HP: 48/48 MP: 6/6
  2565 | Sewer    | Reached XP level 7. HP: 52/55 MP: 7/7
  2579 | Sewer    | Identified the +2 pair of gloves "Qitelipt" {Dex+3}
  2815 | Temple   | Entered the Ecumenical Temple
  2994 | Temple   | Became a worshipper of Elyvilon the Healer
  3095 | D:4      | Reached skill level 5 in Fighting
  3295 | D:4      | Found a glowing golden altar of the Shining One.
  3486 | D:4      | Found a hide-covered altar of Uskayaw.
  3499 | D:5      | Entered Level 5 of the Dungeon
  3698 | D:5      | Reached XP level 8. HP: 64/64 MP: 8/8
  3876 | D:5      | Reached * piety under Elyvilon
  3974 | D:5      | Reached skill level 6 in Fighting
  4189 | D:5      | Reached skill level 5 in Dodging
  4273 | D:3      | Bought a glowing buckler for 172 gold pieces
  4594 | D:6      | Noticed Edmund
  4601 | D:6      | Killed Edmund
  4621 | D:6      | Reached ** piety under Elyvilon
  4698 | D:6      | Reached skill level 7 in Fighting
  4698 | D:6      | Reached XP level 9. HP: 72/72 MP: 9/9
  5548 | D:6      | Reached *** piety under Elyvilon
  5553 | D:6      | Reached skill level 5 in Shields
  5887 | D:7      | Reached skill level 8 in Fighting
  6062 | D:7      | Noticed petzl's ghost (weakling FoDe)
  6063 | D:7      | Noticed a gargoyle
  6065 | D:7      | Noticed Joseph
  6081 | D:7      | Found a transporter.
  6129 | D:7      | Noticed Maggie
  6138 | D:7      | Killed Maggie
  6142 | D:7      | Found a shimmering blue altar of Sif Muna.
  6177 | D:7      | Reached XP level 10. HP: 77/82 MP: 10/10
  6183 | D:7      | Found a transporter.
  6254 | D:7      | Found a basalt altar of Yredelemnul.
  6601 | D:7      | Killed Joseph
  6602 | D:7      | Reached skill level 9 in Fighting
  6715 | D:8      | Found a burning altar of Makhleb.
  6743 | D:8      | Found a staircase to the Lair.
  6868 | D:8      | Noticed Gastronok
  7087 | D:8      | Found a broken altar of Ashenzari.
  7113 | D:8      | Reached **** piety under Elyvilon
  7332 | D:8      | Noticed a purple ugly thing
  7548 | D:9      | Reached skill level 10 in Fighting
  7660 | D:9      | Identified the +7 mace of Corporal Punishment {vamp, rElec}
  7743 | D:9      | Reached XP level 11. HP: 72/91 MP: 11/11
  7752 | D:9      | Reached skill level 10 in Ranged Weapons
  7829 | D:9      | Found Plog's Antique Weapon Boutique.
  7843 | D:9      | Bought a runed orcbow for 143 gold pieces
  8028 | D:9      | Noticed Erolcha
  8168 | D:9      | Reached skill level 10 in Shields
  8763 | D:10     | Entered Level 10 of the Dungeon
  8789 | D:10     | Found an opulent altar of Gozag.
  8789 | D:10     | Found a glowing silver altar of Zin.
  8815 | D:10     | Found a shimmering altar of Xom.
  8836 | D:10     | Reached skill level 11 in Fighting
  8855 | D:10     | Identified the +0 robe of Makhleb's Approval {-Tele Int+2
                  | Stlth+ Archmagi}
  9027 | D:10     | Noticed Josephine
  9056 | D:10     | Killed Josephine
  9349 | D:10     | Reached ***** piety under Elyvilon
  9568 | D:9      | Found an ornate altar of the Wu Jian Council.
  9568 | D:9      | Found an ancient bone altar of Kikubaaqudgha.
  9628 | D:9      | Killed Erolcha
  9629 | D:9      | Reached XP level 12. HP: 102/102 MP: 12/12
  9709 | D:11     | Noticed a skeletal warrior
  9709 | D:11     | Noticed a skeletal warrior
  9717 | D:10     | Reached skill level 12 in Fighting
  9748 | D:11     | Noticed a two-headed ogre
  9996 | D:8      | Killed Gastronok
 10120 | Lair:1   | Entered Level 1 of the Lair of Beasts
 10863 | Lair:1   | Reached skill level 13 in Fighting
 10867 | Lair:1   | Reached skill level 1 in Armour
 11068 | Lair:2   | Reached XP level 13. HP: 111/111 MP: 13/13
 11070 | Lair:2   | Found a white marble altar of Elyvilon.
 11381 | Lair:2   | Found a hole to the Spider Nest.
 11457 | Lair:2   | Found a staircase to the Swamp.
 11519 | Lair:2   | Reached skill level 5 in Armour
 11531 | Lair:2   | Reached skill level 14 in Fighting
 12373 | Lair:3   | Reached ****** piety under Elyvilon
 12564 | Lair:3   | Reached XP level 14. HP: 117/121 MP: 14/14
 13038 | Lair:4   | Reached skill level 15 in Fighting
 13128 | Lair:4   | Found a runed translucent door.
 13901 | Lair:4   | Elyvilon protects you from harm!
 14040 | Lair:5   | Entered Level 5 of the Lair of Beasts
 14208 | Lair:5   | Found a runed translucent door.
 14210 | Lair:5   | Noticed wolfgangpup's ghost (journeyman MiFi)
 14364 | Lair:5   | Found a sparkling altar of Nemelex Xobeh.
 14408 | Lair:5   | Reached skill level 16 in Fighting
 14627 | Lair:5   | Reached skill level 15 in Ranged Weapons
 14685 | Lair:5   | Reached skill level 10 in Armour
 14685 | Lair:5   | Reached XP level 15. HP: 129/129 MP: 15/15
 14746 | Lair:5   | Found a viscous altar of Jiyva.
 14746 | Lair:5   | Found a staircase to the Slime Pits.
 14750 | Lair:5   | Fell from the grace of Elyvilon
 14750 | Lair:5   | Became a worshipper of Jiyva Jyamett the Shapeless
 15887 | D:11     | Noticed Erica
 15889 | D:11     | Killed Erica
 16030 | D:11     | Reached * piety under Jiyva
 16036 | D:11     | Found Qyd Nize's Armour Shoppe.
 16036 | D:11     | Found a staircase to the Orcish Mines.
 16043 | D:11     | Reached skill level 17 in Fighting
 16055 | Orc:1    | Entered Level 1 of the Orcish Mines
 16303 | D:11     | Bought the +8 plate armour of Xiczeu Keer {Harm rElec rF++}
                  | for 1323 gold pieces
 16346 | Orc:2    | Entered Level 2 of the Orcish Mines
 16353 | Orc:2    | Noticed Urug
 16365 | Orc:1    | Killed Urug
 16461 | Orc:1    | Reached ** piety under Jiyva
 16467 | Orc:1    | Noticed an orc warlord
 16484 | Orc:1    | Killed an orc warlord
 16836 | Orc:2    | Noticed Snorg
 16855 | Orc:2    | Killed Snorg
 16924 | Orc:2    | Noticed Maurice
 16927 | Orc:2    | Killed Maurice
 16929 | Orc:2    | Noticed Azrael
 16946 | Orc:2    | Killed Azrael
 17008 | Orc:2    | Reached XP level 16. HP: 136/136 MP: 16/16
 17095 | Orc:2    | Found Adumosec's Assorted Antiques.
 17095 | Orc:2    | Found Mechy's Book Emporium.
 17097 | Orc:2    | Found Lerae's Weapon Shop.
 17097 | Orc:2    | Found Duoddieru's Magic Scroll Emporium.
 17207 | Orc:2    | Reached *** piety under Jiyva
 17441 | Orc:2    | Found a staircase to the Elven Halls.
 17918 | D:12     | Gained mutation: You have sharp toenails. [Jiyva's grace]
 17918 | D:12     | Gained mutation: You have razor-sharp toenails. [Jiyva's
                  | grace]
 17918 | D:12     | Gained mutation: You have claws for feet. [Jiyva's grace]
 17918 | D:12     | Gained mutation: Your muscles are strong. (Str +4, Int/Dex
                  | -1) [Jiyva's grace]
 17987 | D:12     | Reached **** piety under Jiyva
 18526 | D:13     | Reached ***** piety under Jiyva
 18610 | D:13     | Noticed Frances
 18662 | D:13     | Killed Frances
 18722 | D:13     | Reached skill level 18 in Fighting
 18787 | D:13     | Found a gate to the Vaults.
 19020 | D:14     | Lost mutation: You have claws for feet. [Jiyva's grace]
 19020 | D:14     | Gained mutation: Your rubbery body absorbs attacks. (AC +1,
                  | EV +1) [Jiyva's grace]
 19020 | D:14     | Gained mutation: Your pliable body absorbs attacks. (AC +2,
                  | EV +2) [Jiyva's grace]
 19020 | D:14     | Gained mutation: Your gelatinous body deflects attacks. (AC
                  | +3, EV +3) [Jiyva's grace]
 19020 | D:14     | Gained mutation: You expend magic power (3 MP) to
                  | strengthen your wands. [Jiyva's grace]
 19049 | D:14     | Noticed Jorgrun
 19070 | D:14     | Killed Jorgrun
 19182 | D:14     | Found a broken altar of Ashenzari.
 19423 | D:15     | Entered Level 15 of the Dungeon
 19433 | D:15     | Found Deaf Kuv's Book Shop.
 19724 | D:15     | Found a staircase to the Depths.
 19850 | D:15     | Found Muloq's Book Shop.
 19923 | D:15     | Found a runed translucent gate.
 19924 | D:15     | Found a runed translucent gate.
 19924 | D:15     | Found a runed translucent gate.
 19925 | D:15     | Noticed petzl's ghost (journeyman FoDe)
 19925 | D:15     | Noticed Aqenwou's ghost (journeyman GrWn)
 19962 | D:15     | Found Qesiut's Book Emporium.
 19986 | D:15     | Reached XP level 17. HP: 131/151 MP: 17/17
 20422 | D:7      | Killed petzl's ghost
 20748 | Swamp:1  | Entered Level 1 of the Swamp
 21001 | Swamp:1  | Reached ****** piety under Jiyva
 21253 | Slime:1  | Entered Level 1 of the Pits of Slime
 21254 | Slime:1  | Noticed an acid blob
 21508 | Slime:1  | Noticed an acid blob
 21740 | Slime:2  | Noticed an acid blob
 22047 | Slime:3  | Noticed an acid blob
 22227 | Slime:3  | Noticed an acid blob
 22328 | Slime:4  | Noticed an acid blob
 22399 | Slime:4  | Noticed an acid blob
 22459 | Slime:4  | Noticed an acid blob
 22523 | Slime:4  | Noticed an acid blob
 22577 | Slime:4  | Noticed an acid blob
 22663 | Slime:4  | Noticed an acid blob
 22783 | Slime:5  | Entered Level 5 of the Pits of Slime
 22839 | Slime:5  | Noticed the Royal Jelly
 22864 | Slime:5  | Noticed an acid blob
 22872 | Slime:5  | Noticed an acid blob
 22896 | Slime:5  | Noticed an acid blob
 22948 | Slime:5  | Noticed an acid blob
 22968 | Slime:5  | Noticed an acid blob
 22974 | Slime:5  | Found a viscous altar of Jiyva.
 22975 | Slime:5  | Noticed an acid blob
 22981 | Slime:5  | Got a slimy rune of Zot
 22982 | Slime:5  | Identified the ring "Qyufasuc" {Ice Str+4 SInv Stlth-}
 22985 | Slime:5  | Identified the +1 leather armour of the Game Afoot {rElec
                  | rPois rCorr Int-5}
 23006 | Slime:5  | Identified the ring "Zippaf" {Fly rN+++}
 23010 | Slime:5  | Identified the +9 long sword "Ziclosiof" {drain, +Blink
                  | rPois rF- Str+7}
 23016 | Slime:5  | Identified the +2 ring mail of Axiusche {-Cast rPois rCorr
                  | Slay+2}
 23029 | Slime:5  | Noticed an acid blob
 23107 | Slime:5  | Noticed an acid blob
 23720 | Swamp:2  | Noticed Donald
 23736 | Swamp:2  | Killed Donald
 23937 | Swamp:2  | Reached skill level 19 in Fighting
 24007 | Swamp:2  | Lost mutation: You have razor-sharp toenails. [Jiyva's
                  | grace]
 24007 | Swamp:2  | Lost mutation: You have sharp toenails. [Jiyva's grace]
 24007 | Swamp:2  | Lost mutation: Your gelatinous body deflects attacks. (AC
                  | +3, EV +3) [Jiyva's grace]
 24007 | Swamp:2  | Gained mutation: You possess an exceptional clarity of
                  | mind. [Jiyva's grace]
 24007 | Swamp:2  | Gained mutation: Your melee attacks may engulf your foes in
                  | ooze. [Jiyva's grace]
 24007 | Swamp:2  | Gained mutation: You are resistant to electric shocks.
                  | (rElec) [Jiyva's grace]
 24007 | Swamp:2  | Gained mutation: You have a small jelly attached to you
                  | that senses nearby items. [Jiyva's grace]
 24105 | Swamp:3  | Noticed Mara
 24109 | Swamp:3  | Noticed rabbitsville's illusion
 24223 | Swamp:4  | Entered Level 4 of the Swamp
 24370 | Swamp:3  | Noticed rabbitsville's illusion
 24421 | Swamp:3  | Noticed Roxanne
 24432 | Swamp:3  | Killed Roxanne
 24447 | Swamp:3  | Killed Mara
 24448 | Swamp:3  | Reached skill level 15 in Armour
 24479 | Swamp:3  | Reached skill level 1 in Spellcasting
 24502 | Swamp:3  | Noticed a thorn hunter
 24509 | Swamp:3  | Killed a thorn hunter
 25022 | Swamp:4  | Reached XP level 18. HP: 162/162 MP: 23/23
 25227 | Swamp:3  | Reached skill level 5 in Spellcasting
 25403 | Swamp:4  | Reached skill level 5 in Stealth
 25531 | Swamp:4  | Got a decaying rune of Zot
 25556 | Swamp:4  | Reached skill level 20 in Fighting
 25725 | Swamp:4  | Noticed Mlioglotl
 26084 | Lair:4   | Identified the staff of fire "Kiudyo" {Contam rF+ rN+
                  | Dex+2}
 26552 | Spider:1 | Entered Level 1 of the Spider Nest
 26940 | Spider:1 | Lost mutation: You have a small jelly attached to you that
                  | senses nearby items. [Jiyva's grace]
 26940 | Spider:1 | Gained mutation: You are partially covered in large bone
                  | plates. (SH +4) [Jiyva's grace]
 26940 | Spider:1 | Gained mutation: You are mostly covered in large bone
                  | plates. (SH +6) [Jiyva's grace]
 26940 | Spider:1 | Gained mutation: You are completely covered in large bone
                  | plates. (SH +8) [Jiyva's grace]
 26940 | Spider:1 | Gained mutation: You passively map a small area around you.
                  | [Jiyva's grace]
 27861 | Spider:2 | Gained mutation: You are frail. (-10% HP) [mutagenic glow]
 27869 | Spider:2 | Reached skill level 10 in Spellcasting
 28084 | Spider:3 | Reached XP level 19. HP: 153/153 MP: 33/33
 28096 | Spider:3 | Reached skill level 1 in Evocations
 28234 | Spider:3 | Reached skill level 10 in Stealth
 28275 | Spider:3 | Reached skill level 21 in Fighting
 28546 | Spider:4 | Entered Level 4 of the Spider Nest
 28853 | Spider:4 | Reached skill level 5 in Evocations
 29224 | Spider:4 | Identified the +3 ring mail of Lifelessness {*Corrode rF+
                  | Will+ Str+3}
 29382 | Spider:4 | Lost mutation: You are completely covered in large bone
                  | plates. (SH +8) [Jiyva's grace]
 29382 | Spider:4 | Lost mutation: You are frail. (-10% HP) [Jiyva's grace]
 29382 | Spider:4 | Lost mutation: You are resistant to electric shocks.
                  | (rElec) [Jiyva's grace]
 29382 | Spider:4 | Lost mutation: Your pliable body absorbs attacks. (AC +2,
                  | EV +2) [Jiyva's grace]
 29382 | Spider:4 | Lost mutation: You expend magic power (3 MP) to strengthen
                  | your wands. [Jiyva's grace]
 29382 | Spider:4 | Gained mutation: Armour fits poorly on your pseudopods.
                  | [Jiyva's grace]
 29382 | Spider:4 | Gained mutation: Armour fits poorly on your large
                  | pseudopods. [Jiyva's grace]
 29382 | Spider:4 | Gained mutation: Armour fits poorly on your massive
                  | pseudopods. [Jiyva's grace]
 29382 | Spider:4 | Gained mutation: Your natural rate of healing is unusually
                  | fast. [Jiyva's grace]
 29703 | Spider:4 | Got a gossamer rune of Zot
 30136 | Depths:1 | Entered Level 1 of the Depths
 30364 | Vaults:1 | Entered Level 1 of the Vaults
 30562 | Vaults:1 | Reached XP level 20. HP: 161/182 MP: 34/34
 30608 | Vaults:1 | Identified the +4 war axe of Ruobip {flame, *Noise rCorr
                  | Int+9}
 30663 | Vaults:1 | Reached skill level 22 in Fighting
 31489 | Vaults:2 | Lost mutation: You are mostly covered in large bone plates.
                  | (SH +6) [Jiyva's grace]
 31489 | Vaults:2 | Lost mutation: Your natural rate of healing is unusually
                  | fast. [Jiyva's grace]
 31489 | Vaults:2 | Gained mutation: Your muscles are very strong. (Str +8,
                  | Int/Dex -2) [Jiyva's grace]
 31489 | Vaults:2 | Gained mutation: You are agile. (Dex +4, Str/Int -1)
                  | [Jiyva's grace]
 31489 | Vaults:2 | Gained mutation: You are very agile. (Dex +8, Str/Int -2)
                  | [Jiyva's grace]
 31489 | Vaults:2 | Gained mutation: You are partially covered in iridescent
                  | scales. (AC +2) [Jiyva's grace]
 31497 | Vaults:2 | Found a flickering gateway to a bazaar.
 31510 | Bazaar   | Entered a bazaar
 31510 | Bazaar   | Found Heluc's General Store.
 31537 | Bazaar   | Found Kytifa's Weapon Boutique.
 31544 | Bazaar   | Found Viur's Distillery.
 31550 | Bazaar   | Found Aque's Antique Armour Shop.
 31552 | Bazaar   | Found Xapted's Book Boutique.
 31637 | Bazaar   | Bought a potion of curing for 42 gold pieces
 31637 | Bazaar   | Bought a potion of curing for 42 gold pieces
 31637 | Bazaar   | Bought a potion of curing for 42 gold pieces
 31637 | Bazaar   | Bought a potion of curing for 42 gold pieces
 31651 | Bazaar   | Identified a scroll of acquirement
 31651 | Bazaar   | Acquired 780 gold pieces
 32558 | Vaults:3 | Lost mutation: Your muscles are very strong. (Str +8,
                  | Int/Dex -2) [Jiyva's grace]
 32558 | Vaults:3 | Lost mutation: Your rubbery body absorbs attacks. (AC +1,
                  | EV +1) [Jiyva's grace]
 32558 | Vaults:3 | Gained mutation: You are mostly covered in iridescent
                  | scales. (AC +4) [Jiyva's grace]
 32558 | Vaults:3 | Gained mutation: You are completely covered in iridescent
                  | scales. (AC +6) [Jiyva's grace]
 32558 | Vaults:3 | Gained mutation: You expend magic power (3 MP) to
                  | strengthen your wands. [Jiyva's grace]
 32558 | Vaults:3 | Gained mutation: You have a small jelly attached to you
                  | that senses nearby items. [Jiyva's grace]
 32558 | Vaults:3 | Noticed Boris
 32559 | Vaults:3 | Noticed Bai Suzhen
 32564 | Vaults:3 | HP: 1/184 [Boris/iron shot (91)]
 32564 | Vaults:3 | Slain by an eight-headed hydra

Illustrated notes

Levels and vault maps discovered:
D:1:      dpeg_arrival_radiant, layout_basic, serial_curves, eino_curves_02,
          eino_curves_03, moated_statue
D:2:      cheibrodos_fertilizer, layout_basic
D:3:      layout_loops_cross, serial_shops, nicolae_shop_behind_doors,
          shapermc_ecumenical_altar_rom_forum, uniq_crazy_yiuf_cottage
D:4:      layout_loops_ring, nicolae_tso_swordbearing_angel, kennysheep_mini,
          minmay_temple_entry_wispy, gup_sewer_entry_spiral
D:5:      layout_cave_pods, serial_demonic, serial_demonic_d, serial_demonic_a,
          serial_demonic_b, serial_demonic_a
D:6:      layout_layer_cave, uniq_edmund
D:7:      layout_basic, yredelemnul_forgotten_temple_becter,
          general_overflow_altar, gammafunk_ghost_arena, uniq_maggie,
          uniq_joseph
D:8:      nzn_winding_woodlands_medium [nzn_winding_woodlands_5x5_open_star,
          nzn_winding_woodlands_5x15_river_crossing,
          nzn_winding_woodlands_5x5_checkerboard,
          nzn_winding_woodlands_5x5_closed_star,
          nzn_winding_woodlands_center_triple_pond,
          nzn_winding_woodlands_5x5_cross, nzn_winding_woodlands_5x5_three,
          nzn_winding_woodlands_5x15_lazy_stream,
          nzn_winding_woodlands_5x5_perimeter], layout_basic,
          mainiacjoe_overflow_alcove_1, mainiacjoe_overflow_catwalk,
          uniq_gastronok
D:9:      layout_loops_corners, gammafunk_temple_overflow_pools, serial_shops,
          nicolae_shop_hallway_stairs, minmay_fractal_squares_diagonal_5,
          uniq_erolcha
D:10:     kennysheep_six_static_rooms, layout_loops_ring,
          grunt_temple_overflow_gold_and_silver, xom_teletrap_fun,
          minmay_circle_x, uniq_josephine
D:11:     layout_basic, orc_david_3, uniq_erica
D:12:     layout_irregular_city
D:13:     layout_rooms, ximxim_vaults_locker_room, uniq_frances
D:14:     layout_rooms, nicolae_ashenzari_skybound, uniq_jorgrun
D:15:     gammafunk_enter_depths_forms, layout_rooms, gammafunk_ghost_cemetery,
          serial_shops, nicolae_shop_advertising_works
          [nicolae_subvault_shop_adworks], nicolae_shop_rolling_square,
          nicolae_shop_waterfront
Temple:   nicolae_temple_bog_church
Lair:1:   layout_roguey [special_room_bee]
Lair:2:   layout_long_grid, swamp_mist, spider_nest_entry_funnel_web,
          basic_altar, beast_lair_carwin_3, lemuel_fruit_tree,
          infiniplex_staircase_pool_2, serial_bayou_shore_b
Lair:3:   layout_long_grid, serial_bayou, serial_bayou_ford_a,
          serial_bayou_lagoon_b, serial_bayou_shore_a, serial_bayou_pond_b,
          chequers_serial_rivers_marsh
Lair:4:   gammafunk_mikee_crab_dinner, layout_gridlike,
          nicolae_lair_grove_arrangements, nzn_random_ring
Lair:5:   due_jungle_book, layout_regular_city, dpeg_slime_entry_enclosed,
          gammafunk_ghost_grave, basic_altar, serial_bayou, serial_bayou_pond_d,
          serial_bayou_crossing, serial_bayou_pond_e, serial_bayou_pond_d,
          nicolae_lair_run_with_the_wolves
Swamp:1:  layout_basic_swamp, evilmike_swamp_ruin_house_6, swamp_pool4
Swamp:2:  layout_basic_swamp, evilmike_swamp_ruin_house_2, swamp_pool4,
          uniq_donald
Swamp:3:  layout_basic_swamp, hangedman_swamp_lotus, swamp_pool1, uniq_roxanne,
          uniq_mara
Swamp:4:  swamp_alternative, layout_basic_swamp, uniq_mlioglotl
Spider:1: layout_spider_delve, hangedman_spider_tarantella_strand
Spider:2: layout_spider_delve
Spider:3: layout_spider_delve, nicolae_spider_acid_house,
          nicolae_spider_cling_halls
Spider:4: spider_rune_water
Slime:1:  layout_caves, nicolae_slime_barrier
Slime:2:  cheibrodos_slime_lost_civilization_10, layout_caves,
          nicolae_slime_crime_time
Slime:3:  layout_caves
Slime:4:  layout_caves, nicolae_slime_round_cave
Slime:5
Orc:1:    layout_caves, basic_altar, nicolae_orc_lava_room
Orc:2:    grunt_orc_tribal_feast, layout_caves, basic_altar, mines1_david,
          uniq_maurice, uniq_azrael, uniq_snorg, uniq_urug
Vaults:1: nicolae_vaults_storage_closets_2, nicolae_vaults_tetromino_T_2,
          nicolae_vaults_tetromino_Z_1, ontoclasm_vaults_fault,
          grunt_vaults_diagonal, nicolae_vaults_bisected_slash,
          nicolae_vaults_shelves_hall, vaults_mumra_minichess,
          vaults_room_door_ring, v_misc_8, v_misc_1, layout_vaults_omnicross
Vaults:2: nicolae_vaults_apartment_1, hangedman_vaults_pinch,
          nicolae_vaults_apartment_2, serial_ice_g, layout_vaults_quadrants,
          serial_shops, bzr_entry_dummy
Vaults:3: minmay_crypt_entry_necro_gods, nicolae_vaults_wrenched,
          nicolae_vaults_meeting, vaults_dpeg_diagonal,
          nicolae_vaults_taking_the_gang_shopping, vaults_room_semicircle,
          layout_vaults_big_room, uniq_bai_suzhen, uniq_boris, uniq_jory
Depths:1: layout_basic, grunt_mini_vestibule, chequers_serial_rivers_micro_b,
          hangedman_abyss_or_decor_slice, serial_bayou_pond_b,
          lemuel_another_geyser

Skill      XL: |  1  2  3  4  5  6  7  8  9 10 11 12 13 14 15 16 17 18 19 20 |
---------------+-------------------------------------------------------------+-----
Dodging        | 2 3 4 5 |  5.0
Fighting       | 3 4 5 7 8 10 11 13 14 16 17 18 19 20 21 22 | 22.4
Ranged Weapons | 5 6 7 8 9 11 12 13 15 16 17 18 | 18.0
Shields        | 3 6 9 11 13 | 13.1
Armour         | 2 7 10 12 13 15 16 | 16.6
Spellcasting   | 3 10 | 10.0
Stealth        | 3 9 10 | 10.0
Evocations     | 7 9 |  9.7

Action                     |  1- 3 |  4- 6 |  7- 9 | 10-12 | 13-15 | 16-18 | 19-21 || total
---------------------------+-------+-------+-------+-------+-------+-------+-------++-------
  Melee: Orcbow            |       |       |       |     2 |       |       |       ||     2
   Fire: Shortbow          |    76 |   172 |   124 |       |       |       |       ||   372
         Orcbow            |       |       |   148 |   465 |   860 |  1110 |   387 ||  2970
         Arbalest          |       |       |       |       |       |       |   178 ||   178
 Invoke: Purification      |       |       |       |     1 |     1 |       |       ||     2
         Heal Self         |       |       |       |     1 |     1 |       |       ||     2
         Slimify           |       |       |       |       |       |     2 |       ||     2
         Oozemancy         |       |       |       |       |       |     1 |     3 ||     4
Ability: Dig               |       |       |       |       |    10 |     1 |     2 ||    13
  Evoke: Lightning rod     |       |       |       |       |       |       |     4 ||     4
         Wand              |       |       |       |       |       |       |     3 ||     3
    Use: Potion            |       |       |       |       |     5 |     3 |     2 ||    10
         Scroll            |       |       |       |       |     5 |     6 |     9 ||    20
 Armour: Ring mail         |    13 |     5 |       |       |       |       |       ||    18
         Leather armour    |       |     6 |    36 |    84 |   131 |       |       ||   257
         Plate armour      |       |       |       |       |    90 |   735 |   382 ||  1207
  Dodge: Dodged            |    22 |    31 |    59 |   128 |   174 |   341 |   202 ||   957
  Block: Buckler           |       |       |     6 |       |       |       |       ||     6
         Tower shield      |       |       |    50 |   310 |   618 |  1199 |  1024 ||  3201
         Reflection        |       |       |       |       |       |       |    47 ||    47

Table legend: (Time is in decaauts)
 A = Elapsed time spent in this place.
 B = Non-inter-level travel time spent in this place.
 C = Inter-level travel time spent in this place.
 D = Time resting spent in this place.
 E = Time spent auto-exploring this place.
 F = Levels seen in this place.
 G = Mean time per level.
                   A        B        C        D        E       F      G
               +--------+--------+--------+--------+--------+-----+--------+
         Total |  34740 |  31706 |   3034 |   1105 |  18384 |  42 |  827.1 |
       Dungeon |  14259 |  12795 |   1464 |    125 |   8453 |  15 |  950.6 |
        Temple |    194 |    184 |     10 |      0 |    157 |   1 |  194.0 |
          Lair |   7146 |   6441 |    705 |    482 |   3373 |   5 | 1429.2 |
         Swamp |   3182 |   2847 |    335 |    257 |   1364 |   4 |  795.5 |
   Spider Nest |   3619 |   3461 |    158 |    195 |   1522 |   4 |  904.8 |
    Slime Pits |   1937 |   1774 |    163 |      0 |   1685 |   5 |  387.4 |
  Orcish Mines |   1618 |   1478 |    140 |      0 |    625 |   2 |  809.0 |
        Vaults |   2232 |   2173 |     59 |     46 |   1093 |   3 |  744.0 |
        Depths |     82 |     82 |      0 |      0 |      6 |   1 |   82.0 |
        Bazaar |    158 |    158 |      0 |      0 |     35 |   1 |  158.0 |
         Sewer |    309 |    309 |      0 |      0 |     71 |   1 |  309.0 |
               +--------+--------+--------+--------+--------+-----+--------+

Top non-repeatable levels by time:
  Lair:5: 1924 daAuts
     D:9: 1626 daAuts
  Lair:4: 1607 daAuts
  Lair:2: 1500 daAuts
     D:6: 1417 daAuts
 Swamp:3: 1266 daAuts
Vaults:1: 1215 daAuts
     D:8: 1155 daAuts
  Lair:3: 1101 daAuts
Spider:4: 1072 daAuts
     D:4: 1055 daAuts
     D:7: 1020 daAuts
  Lair:1: 1012 daAuts
     D:5: 998 daAuts
Vaults:2: 995 daAuts
